 Dungeon Crawl Stone Soup version 0.30-a0-172-gc5509c9e31 (webtiles) character file.

Game seed: 6317594339799852104

1292 qw the Cleaver (level 8, -6/51 HPs)
             Began as a Gargoyle Fighter on Oct 1, 2022.
             Mangled by a gnoll sergeant
             ... wielding a +0 spear
              (7 damage)
             ... on level 5 of the Dungeon.
             The game lasted 00:02:20 (5457 turns).

qw the Cleaver (Gargoyle Fighter)                   Turns: 5457, Time: 00:02:20

Health: -6/51      AC: 17    Str: 23    XL:     8   Next: 56%
Magic:  8/8        EV:  7    Int:  8    God:
Gold:   200        SH:  4    Dex:  9    Spells: 7/7 levels left

rFire   . . .      SeeInvis .    Y - +0 war axe
rCold   . . .      Faith    .    c - +0 buckler
rNeg    + . .      Spirit   .    j - +0 chain mail
rPois   inf        Reflect  .    a - +0 helmet
rElec   +          Harm     .    (no cloak)
rCorr   .          Rampage  .    (no gloves)
Will    +....                    b - +0 pair of boots
Stlth   ..........               (no amulet)
HPRegen 0.28/turn                f - ring of willpower
MPRegen 0.11/turn                (no ring)

@: no status effects
A: sickness immunity, AC +5, negative energy resistance 1, electricity
resistance, torment resistance 1, petrification resistance
a: no special abilities


You were on level 5 of the Dungeon.
You visited 1 branch of the dungeon, and saw 5 of its levels.
You also visited: Sewer.

You collected 200 gold pieces.


Innate Abilities, Weirdness & Mutations

You are immune to sickness and miasma.
Your stone body is resilient. (AC +5)
You are immune to poison.
You resist negative energy. (rN+)
You are resistant to electric shocks. (rElec)
You are resistant to unholy torment.
You are immune to petrification.


   Skills:
 - Level 6.0 Fighting
 + Level 8.1 Axes
 - Level 4.0 Armour
 - Level 1.0 Dodging
 - Level 3.2 Shields


You had 7 spell levels left.
You didn't know any spells.
Your spell library was empty.

Inventory:

Hand Weapons
 e - a +1 morningstar of protection
 Y - a +0 war axe (weapon)
Armour
 a - a +0 helmet (worn)
 b - a +0 pair of boots (worn)
 c - a +0 buckler (worn)
 j - a +0 chain mail (worn)
Jewellery
 f - a ring of willpower (left hand)
Scrolls
 h - 2 scrolls of identify
 s - a scroll of brand weapon {unknown}
Potions
 d - a potion of might
 g - 2 potions of resistance
 i - a potion of invisibility {unknown}
 l - 2 potions of haste
 m - a potion of lignification {unknown}
 n - 2 potions of cancellation
 o - 2 potions of mutation {unknown}
 p - a potion of degeneration {unknown}
 q - a potion of curing {unknown}
 r - 2 potions of attraction {unknown}

Dungeon Overview and Level Annotations

Branches:
Dungeon (5/15)             Temple (0/1) D:5           Sewer (visited)

Altars:
Makhleb
Ru
The Shining One

Annotations:
D:5 Blork the orc, Eustachio


Message History

The gnoll sergeant hits you but does no damage.
Eustachio mumbles some strange words.
Eustachio blinks!
Eustachio hits you with a +1 rapier of protection.
The gnoll sergeant hits you but does no damage.
You barely miss Eustachio.
Eustachio is lightly wounded.
You barely miss the gnoll sergeant. Eustachio barely misses you.
You block the gnoll sergeant's attack.
You miss Eustachio.
Eustachio is lightly wounded.
You barely miss the gnoll sergeant.
The gnoll sergeant hits you with a +0 spear.
Eustachio hits you but does no damage.
You miss Eustachio.
Eustachio is lightly wounded.
You completely miss the gnoll sergeant. Eustachio hits you but does no damage.
The gnoll sergeant closely misses you.
You hit Eustachio but do no damage.
Eustachio is lightly wounded.
You barely miss the gnoll sergeant.
The gnoll sergeant hits you but does no damage.
Eustachio casts a spell.
Eustachio blinks!
You hit the gnoll sergeant.
The gnoll sergeant is lightly wounded.
The gnoll sergeant hits you but does no damage.
Eustachio gestures wildly while chanting.
You slash the gnoll sergeant!
The gnoll sergeant is heavily wounded.
The gnoll sergeant hits you with a +0 spear.
Eustachio casts a spell.
You hit the gnoll sergeant.
The gnoll sergeant is severely wounded.
Eustachio screams, "Hey, you killed my favourite bat!"
The gnoll sergeant hits you with a +0 spear.
You closely miss the gnoll sergeant.
The gnoll sergeant is severely wounded.
The gnoll sergeant hits you with a +0 spear!
You die...

#.............#
#.......>.....#
+.............#
#.............#
#######.########
...# #.#
###.###.# ####
## #.)()...#
#... .#
#.)@....# #.##
.# #..g....#
#.#. #..5....#
#.#. #.......#
#.#. #...rr..#
#.#. #..5@...#
#.#. #.....r.#
#.#. #......##
#%#. .# #.#.


You could see Eustachio, a gnoll sergeant, a crimson imp (summoned), a river rat
(summoned), a shadow imp (summoned) and 2 rats.

Vanquished Creatures
  Prince Ribbit (D:5)
  Sigmund (D:5)
  3 ogres (D:5)
  A phantom (D:5)
  A kobold brigand (Sewer)
  A hound (D:5)
  3 iguanas
  2 orc wizards
  Natasha (thrice) (D:2)
  9 adders
  6 gnolls
  4 river rats (Sewer)
  A worm (D:3)
  2 dart slugs
  13 orcs
  9 ball pythons
  5 endoplasms
  4 giant cockroaches
  3 goblins
  4 hobgoblins
  7 jackals (D:1)
  8 quokkas
  4 frilled lizards
  27 kobolds
  35 rats
157 creatures vanquished.

Notes
Turn   | Place    | Note
-------+----------+-------------------------------------------
     0 | D:1      | qw the Gargoyle Fighter began the quest for the Orb.
     0 | D:1      | Reached XP level 1. HP: 14/14 MP: 1/1
     0 | D:1      | 0 ||| qw: Version: 0.2-a-13-gfc7b4b4
     0 | D:1      | 0 ||| qw: Game counter: 1825
     0 | D:1      | 0 ||| qw: Always use a shield: true
     0 | D:1      | 0 ||| qw: God list: Okawaru
     0 | D:1      | 0 ||| qw: Allow faded altars: false
     0 | D:1      | 0 ||| qw: Do Orc after D:15 true
     0 | D:1      | 0 ||| qw: Do second Lair branch before Depths: true
     0 | D:1      | 0 ||| qw: Lair rune preference: random
     0 | D:1      | 0 ||| qw: Plans: Normal, Zot:1-4, God:TSO, Crypt, Tomb,
                  | Pan, Slime:5, Hells, Abyss, Orb
     0 | D:1      | 0 ||| PLANNING D:1-11
    23 | D:1      | Reached skill level 2 in Axes
    59 | D:1      | Reached XP level 2. HP: 15/19 MP: 2/2
   628 | D:1      | 628 ||| Stepping ~*~*~tactically~*~*~ (stealth).
   706 | D:1      | Reached skill level 3 in Axes
   710 | D:1      | Reached XP level 3. HP: 16/23 MP: 3/3
   938 | D:1      | 938 ||| DROPPING amulet of faith.
   939 | D:1      | 939 ||| READING scroll labelled CYKOZO IN ZIM.
   940 | D:1      | 940 ||| READING 4 scrolls labelled XOCZEH QOFA.
   941 | D:1      | 941 ||| READING scroll labelled WUITUHE FIAPS.
   942 | D:1      | 942 ||| READING 3 scrolls of identify.
   942 | D:1      | 942 ||| IDENTIFYING purple potion
   943 | D:1      | 943 ||| READING 2 scrolls of identify.
   943 | D:1      | 943 ||| IDENTIFYING glowing dark potion
   944 | D:1      | 944 ||| DROPPING potion of magic.
  1056 | D:2      | 1056 ||| Stepping ~*~*~tactically~*~*~ (stealth).
  1134 | D:2      | Found a faded altar of an unknown god.
  1217 | D:2      | Noticed Natasha
  1218 | D:2      | 1218 ||| Stepping ~*~*~tactically~*~*~ (hiding).
  1232 | D:2      | Killed Natasha
  1233 | D:2      | Reached XP level 4. HP: 17/28 MP: 4/4
  1286 | D:2      | 1286 ||| Stepping ~*~*~tactically~*~*~ (stealth).
  1290 | D:2      | 1290 ||| Stepping ~*~*~tactically~*~*~ (stealth).
  1297 | D:2      | 1297 ||| Stepping ~*~*~tactically~*~*~ (stealth).
  1299 | D:2      | 1299 ||| Stepping ~*~*~tactically~*~*~ (stealth).
  1309 | D:2      | Reached skill level 4 in Axes
  1352 | D:2      | 1352 ||| Stepping ~*~*~tactically~*~*~ (stealth).
  1353 | D:2      | 1353 ||| Stepping ~*~*~tactically~*~*~ (stealth).
  1394 | D:2      | Noticed Natasha
  1412 | D:2      | Killed Natasha
  1514 | D:2      | Found a burning altar of Makhleb.
  1576 | D:2      | Reached XP level 5. HP: 32/32 MP: 5/5
  1643 | D:2      | Noticed Natasha
  1645 | D:2      | 1645 ||| Stepping ~*~*~tactically~*~*~ (hiding).
  1654 | D:2      | HP: 7/32 [Natasha (4)]
  1655 | D:2      | Killed Natasha
  1905 | D:2      | 1905 ||| UPGRADING to +0 helmet.
  1910 | D:2      | 1910 ||| UPGRADING to +0 chain mail.
  1920 | D:2      | 1920 ||| DROPPING +0 scale mail.
  1921 | D:2      | 1921 ||| UPGRADING to ring of willpower.
  1922 | D:2      | 1922 ||| DROPPING ring of wizardry.
  1923 | D:2      | 1923 ||| READING scroll labelled WIEVUI TOIMU.
  1931 | D:3      | Found a glowing golden altar of the Shining One.
  2007 | D:3      | 2007 ||| DROPPING +0 whip.
  2116 | D:3      | Reached skill level 5 in Axes
  2449 | D:3      | 2449 ||| Stepping ~*~*~tactically~*~*~ (hiding).
  2509 | D:3      | 2509 ||| Stepping ~*~*~tactically~*~*~ (stealth).
  2520 | D:3      | Reached XP level 6. HP: 14/38 MP: 6/6
  2686 | D:3      | 2686 ||| Stepping ~*~*~tactically~*~*~ (stealth).
  2709 | D:3      | Found a sacrificial altar of Ru.
  2800 | D:3      | 2800 ||| UPGRADING to +0 pair of boots.
  2805 | D:3      | 2805 ||| READING scroll labelled PECLITS GION.
  2806 | D:3      | 2806 ||| READING 2 scrolls of identify.
  2806 | D:3      | 2806 ||| IDENTIFYING fizzy sapphire potion
  2807 | D:3      | 2807 ||| DROPPING potion of flight.
  2843 | D:4      | 2843 ||| PLANNING SEWER
  2849 | D:4      | 2849 ||| Stepping ~*~*~tactically~*~*~ (stealth).
  2853 | D:4      | 2853 ||| Stepping ~*~*~tactically~*~*~ (hiding).
  2879 | D:4      | 2879 ||| DROPPING +0 flail.
  2916 | D:4      | 2916 ||| Stepping ~*~*~tactically~*~*~ (stealth).
  2936 | D:4      | 2936 ||| Stepping ~*~*~tactically~*~*~ (stealth).
  3000 | D:4      | HP: 9/38 [iguana (5)]
  3132 | D:4      | Found a glowing drain.
  3145 | Sewer    | Entered a sewer
  3354 | Sewer    | 3354 ||| Stepping ~*~*~tactically~*~*~ (stealth).
  3357 | Sewer    | 3357 ||| Stepping ~*~*~tactically~*~*~ (stealth).
  3378 | Sewer    | Reached skill level 6 in Axes
  3480 | Sewer    | Reached skill level 1 in Dodging
  3565 | Sewer    | Reached XP level 7. HP: 38/43 MP: 7/7
  3723 | Sewer    | 3723 ||| DRINKING 3 silvery potions.
  3724 | Sewer    | 3724 ||| DRINKING 3 green potions.
  3725 | Sewer    | 3725 ||| DRINKING 3 brown potions.
  3726 | Sewer    | 3726 ||| DROPPING 2 potions of brilliance.
  3759 | D:4      | 3759 ||| PLANNING D:1-11
  4140 | D:4      | 4140 ||| DROPPING +2 hat.
  4141 | D:4      | 4141 ||| READING 2 scrolls labelled HEASUA IMMU.
  4163 | D:5      | Entered Level 5 of the Dungeon
  4174 | D:5      | Found a staircase to the Ecumenical Temple.
  4175 | D:5      | 4175 ||| PLANNING TEMPLE
  4178 | D:5      | Noticed Blork the orc
  4179 | D:5      | 4179 ||| FLEEEEING.
  4180 | D:5      | 4180 ||| FLEEEEING.
  4181 | D:5      | 4181 ||| FLEEEEING.
  4182 | D:5      | 4182 ||| FLEEEEING.
  4183 | D:5      | 4183 ||| FLEEEEING.
  4184 | D:5      | 4184 ||| FLEEEEING.
  4185 | D:5      | 4185 ||| FLEEEEING.
  4186 | D:5      | 4186 ||| FLEEEEING.
  4187 | D:5      | 4187 ||| FLEEEEING.
  4188 | D:5      | 4188 ||| FLEEEEING.
  4189 | D:5      | 4189 ||| STAIRDANCE
  4193 | D:5      | 4193 ||| STAIRDANCE
  4197 | D:5      | 4197 ||| STAIRDANCE
  4201 | D:5      | 4201 ||| STAIRDANCE
  4210 | D:5      | 4210 ||| STAIRDANCE
  4214 | D:5      | 4214 ||| STAIRDANCE
  4219 | D:5      | 4219 ||| STAIRDANCE
  4223 | D:5      | 4223 ||| STAIRDANCE
  4227 | D:5      | 4227 ||| STAIRDANCE
  4253 | D:5      | 4253 ||| STAIRDANCE
  4257 | D:5      | 4257 ||| STAIRDANCE
  4261 | D:5      | 4261 ||| STAIRDANCE
  4265 | D:5      | 4265 ||| STAIRDANCE
  4269 | D:5      | 4269 ||| STAIRDANCE
  4303 | D:5      | 4303 ||| STAIRDANCE
  4307 | D:5      | 4307 ||| STAIRDANCE
  4316 | D:5      | 4316 ||| STAIRDANCE
  4320 | D:5      | 4320 ||| STAIRDANCE
  4324 | D:5      | 4324 ||| STAIRDANCE
  4343 | D:5      | 4343 ||| STAIRDANCE
  4360 | D:5      | HP: 9/43 [Blork the orc/+0 halberd (4)]
  4361 | D:5      | 4361 ||| READING scroll of teleportation.
  4363 | D:5      | HP: 4/43 [Blork the orc/+0 halberd (6)]
  4565 | D:5      | HP: 10/43 [ogre/+0 giant club (16)]
  4566 | D:5      | 4566 ||| READING scroll of teleportation.
  4698 | D:5      | Reached skill level 7 in Axes
  4862 | D:5      | Noticed Prince Ribbit
  4867 | D:5      | HP: 5/43 [Prince Ribbit (10)]
  4868 | D:5      | Killed Prince Ribbit
  4869 | D:5      | Reached XP level 8. HP: 4/51 MP: 8/8
  5164 | D:5      | Noticed Sigmund
  5182 | D:5      | Killed Sigmund
  5183 | D:5      | Reached skill level 8 in Axes
  5425 | D:5      | Noticed Eustachio
  5437 | D:5      | Reached skill level 6 in Fighting
  5448 | D:5      | HP: 11/51 [gnoll sergeant/+0 spear (3)]
  5451 | D:5      | HP: 4/51 [gnoll sergeant/+0 spear (4)]
  5456 | D:5      | HP: 1/51 [gnoll sergeant/+0 spear (2)]
  5457 | D:5      | Mangled by a gnoll sergeant

Levels and vault maps discovered:
D:1:      dpeg_arrival_rooms_b, layout_basic
D:2:      layout_loops_ring, hellmonk_ecumenical_altar_run_dry, basic_altar,
          uniq_natasha
D:3:      layout_loops_ring, mainiacjoe_overflow_boulevard,
          nicolae_ru_path_of_blood, minmay_rat_hole
D:4:      layout_basic, portal_sewer_entry_f
D:5:      layout_basic, minmay_temple_entry_junction, uniq_eustachio,
          uniq_sigmund, uniq_blork_the_orc, uniq_prince_ribbit1, uniq_ijyb

Skill      XL: |  1  2  3  4  5  6  7  8 |
---------------+-------------------------+-----
Axes           | 2 3 4 5 6 7 8 |  8.1
Fighting       | 4 5 6 |  6.0
Dodging        | 1 |  1.0
Armour         | 4 |  4.0
Shields        | |  3.2

Action                   |  1- 3 |  4- 6 |  7- 9 || total
-------------------------+-------+-------+-------++-------
Melee: War axe           |    90 |   315 |   123 ||   528
Throw: Boomerang         |    15 |    40 |       ||    55
  Use: Scroll            |     5 |     3 |     3 ||    11
       Potion            |       |       |     3 ||     3
Armor: Scale mail        |    58 |    42 |       ||   100
       Chain mail        |       |   128 |    79 ||   207
Dodge: Dodged            |    27 |   103 |    41 ||   171
Block: Buckler           |    18 |    54 |    16 ||    88

Table legend:
 A = Non-vault XP
 B = Vault XP
 C = Vault XP percentage of total XP
 D = Non-vault monster count
 E = Vault monster count
 F = Vault count percentage of total count
                 A         B        C        D         E       F
            +---------+---------+-------+---------+---------+-------
      Total |    1019 |     827 |  44.8 |      82 |      75 |  47.8
            +---------+---------+-------+---------+---------+-------
        D:1 |      35 |       0 |   0.0 |      20 |       0 |   0.0
        D:2 |     147 |      35 |  19.2 |      22 |       1 |   4.3
        D:3 |      98 |      20 |  16.9 |      12 |      19 |  61.3
        D:4 |     119 |      12 |   9.2 |      17 |       6 |  26.1
        D:5 |     620 |     497 |  44.5 |      11 |       2 |  15.4
      Sewer |       0 |     263 | 100.0 |       0 |      47 | 100.0
            +---------+---------+-------+---------+---------+-------
